 Dungeon Crawl Stone Soup version 0.31-a0-4-gefa6de2278 (webtiles) character file.

Game seed: 11944963776570107289

91 bande the Covered (level 4, 0/29 HPs)
             Began as a Gargoyle Fighter on May 4, 2023.
             Was an Initiate of Okawaru.
             Killed by divine providence
             ... invoked by an orc priest
              (17 damage)
             ... on level 3 of the Dungeon.
             The game lasted 00:04:07 (1614 turns).

bande the Covered (Gargoyle Fighter)                Turns: 1614, Time: 00:04:08

Health: 0/29       AC: 10    Str: 19    XL:     4   Next: 59%
Magic:  4/4        EV:  9    Int:  9    God:    Okawaru [......]
Gold:   141        SH:  4    Dex: 11    Spells: 3/3 levels left

rFire   . . .        a - +1 war axe
rCold   . . .        c - +0 buckler
rNeg    + + .        b - +0 scale mail
rPois   ∞            (no helmet)
rElec   +            (no cloak)
rCorr   .            (no gloves)
SInv    .            (no boots)
Will    .....        (no amulet) Stlth
                     k - ring of positive energy
HPRegen 0.24/turn    (no ring)
MPRegen 0.09/turn

%: no passive effects
@: no status effects
A: sickness immunity, AC +3, negative energy resistance 1, electricity
resistance, torment resistance 1, petrification resistance
a: Renounce Religion


You were on level 3 of the Dungeon.
You worshipped Okawaru.
Okawaru was noncommittal.
You visited 1 branch of the dungeon, and saw 3 of its levels.

You collected 141 gold pieces.

Inventory:

Hand Weapons
 a - a +1 war axe (weapon)
 r - a +0 flail
Armour
 b - a +0 scale mail (worn)
 c - a +0 buckler (worn)
Jewellery
 e - a ring of fire
 k - a ring of positive energy (left hand)
Scrolls
 i - a scroll of enchant weapon
Potions
 d - 2 potions of might
 f - 2 potions of haste {unknown}
 n - a potion of magic
 o - a potion of mutation
 q - a potion of degeneration {unknown}


   Skills:
 + Level 3.8 Fighting
 + Level 3.0 Axes
 + Level 3.8 Armour
 + Level 3.6 Shields
 * Level 1.1 Invocations


You had 3 spell levels left.
You didn't know any spells.
Your spell library contained the following spells:

 Spells                   Type           Power      Damage    Failure   Level
 Freeze                   Ice            0%         1d3       83%         1
 Blink                    Tloc           0%         N/A       92%         2
 Lesser Beckoning         Tloc           0%         N/A       92%         2
 Momentum Strike          Conj/Tloc      0%         3d8       92%         2
 Frozen Ramparts          Ice            0%         1d1       99%         3
 Hailstorm                Conj/Ice       0%         3d3       99%         3
 Portal Projectile        Hex/Tloc       0%         N/A       99%         3
 Blade Hands              Tmut           0%         N/A       100%        5
 Tukima's Dance           Hex            Unusable   N/A       N/A         3

Dungeon Overview and Level Annotations

Branches:
Dungeon (3/15)

Altars:
Okawaru


Innate Abilities, Weirdness & Mutations

You are immune to sickness and miasma.
Your stone body is resilient. (AC +3)
You are immune to poison.
You resist negative energy. (rN+)
You are resistant to electric shocks. (rElec)
You are resistant to unholy torment.
You are immune to petrification.


Message History

Your Invocations skill increases to level 1!
You slash the orc!
You kill the orc!
Okawaru accepts your kill.
No target in view!
No target in view!
No target in view!
No target in view!
No target in view!
No target in view!
An orc priest comes into view.
It is wielding a +1 flail of protection.
The orc priest shouts!
An orc priest is nearby!
An orc priest is nearby!
An orc comes into view. It is wielding a +0 mace.
The orc shouts!
An orc comes into view. It is wielding a +0 whip.
The orc shouts!
Found a clear potion.
The orc priest hits you with a +1 flail of protection.
You slash the orc priest!
The orc priest is heavily wounded.
You block the orc priest's attack.
You slash the orc!
You kill the orc!
The orc priest mumbles some strange prayers to Beogh against you.
Beogh smites you! You block the orc priest's attack.
Things that are here:
a +0 mace; an orc corpse You hit the orc priest but do no damage.
The orc priest is heavily wounded.
The orc priest miscasts a cantrip.
You barely miss the orc priest.
The orc priest is heavily wounded.
You block the orc priest's attack.
The orc priest calls down the wrath of Beogh upon you.
Beogh smites you!
Ouch! That really hurt!
You die...

.....# #.# #.......##.#
.....########.###.......#
.#
........................#
##########.......)......#
......#................##
......#.##.........#####
......#.##.........#
#####.#.##.........#####
# #.#.#######.@......! #
#.#.# #o######## # #.#.#
#o# # #.#.# #. #.#.# #.
#####.#.#######.
......#.......#.
#######..####.#.
#.......#...<#


You could see an orc priest and an orc.

Vanquished Creatures
  Terence (D:3)
  An adder (D:2)
  3 orcs
  6 ball pythons
  8 endoplasms
  3 goblins
  4 hobgoblins
  4 quokkas
  A ball python zombie (D:3)
  8 bats
  3 frilled lizards
  4 kobolds
  A quokka zombie (D:3)
  3 rats
50 creatures vanquished.

Notes
Turn   | Place    | Note
-------+----------+-------------------------------------------
     0 | D:1      | bande the Gargoyle Fighter began the quest for the Orb.
     0 | D:1      | Reached XP level 1. HP: 14/14 MP: 1/1
   145 | D:1      | Reached XP level 2. HP: 19/19 MP: 2/2
   605 | D:2      | Reached XP level 3. HP: 16/23 MP: 3/3
   918 | D:2      | Found an iron altar of Okawaru.
   928 | D:2      | Became a worshipper of Warmaster Okawaru
  1134 | D:3      | Noticed Terence
  1144 | D:3      | Killed Terence
  1145 | D:3      | Reached XP level 4. HP: 23/29 MP: 4/4
  1208 | D:3      | Found a faded altar of an unknown god.
  1591 | D:3      | Reached skill level 1 in Invocations
  1614 | D:3      | Killed from afar by an orc priest

Illustrated notes

Levels and vault maps discovered:
D:1:      doesnt_arrival_eight_statues, layout_basic, minivault_14
D:2:      layout_basic, basic_altar
D:3:      layout_basic, lemuel_zombie_altar_yredelemnul,
          hellmonk_ecumenical_altar_heavens_door, uniq_robin, uniq_terence,
          uniq_grinder

Skill      XL: |  1  2  3  4 |
---------------+-------------+-----
Axes           | 2 3 |  3.0
Invocations    | 1 |  1.1
Fighting       | |  3.8
Armour         | |  3.8
Shields        | |  3.6

Action                     |  1- 3 |  4- 6 || total
---------------------------+-------+-------++-------
  Melee: War axe           |    94 |    36 ||   130
    Use: Scroll            |       |    11 ||    11
 Armour: Scale mail        |    65 |    20 ||    85
  Dodge: Dodged            |    56 |    20 ||    76
  Block: Buckler           |    23 |     9 ||    32

Table legend: (Time is in decaauts)
 A = Elapsed time spent in this place.
 B = Non-inter-level travel time spent in this place.
 C = Inter-level travel time spent in this place.
 D = Time resting spent in this place.
 E = Time spent auto-exploring this place.
 F = Levels seen in this place.
 G = Mean time per level.
                   A        B        C        D        E       F      G
               +--------+--------+--------+--------+--------+-----+--------+
         Total |   1665 |   1665 |      0 |      0 |   1170 |   3 |  555.0 |
       Dungeon |   1665 |   1665 |      0 |      0 |   1170 |   3 |  555.0 |
               +--------+--------+--------+--------+--------+-----+--------+

Top non-repeatable levels by time:
     D:1: 615 daAuts
     D:3: 569 daAuts
     D:2: 481 daAuts
